Map: Pillars of Gold LE

Players

ViBE - Winner!

  • Race: Protoss Protoss
  • League: Silver
  • Spawn Location: 1:00

ReaperGRiM

  • Race: Protoss Protoss
  • League: Gold
  • Spawn Location: 7:00

VOD

https://youtu.be/Ft0Ze6bg0C0?list=PLFeZeom2b4DnD3FIu7pzkXl51JX_WWz2h&t=27

Description

Protoss cannon rush defense

Time

  • Played on: March 18, 2021, 6:37 p.m.
  • Length: 15:42
Show
View Real Time Build Order
Export as new Build Order

ViBE Protoss - Winner!

Build Orders: 1 Gate Expand 

Get SALT Encoding   

  12  0:00  Probe  
  13  0:12  Probe  
  14  0:20  Pylon  
  14  0:24  Probe  
  15  0:38  Probe  
  15  0:39  Gateway  
  16  0:48  Assimilator  
  16  0:50  Probe (Chrono Boost)  
  17  1:02  Probe (Chrono Boost)  
  18  1:06  Probe (Chrono Boost)  
  19  1:16  Probe  
  20  1:29  Nexus  
  20  1:31  Probe  
  21  1:42  Cybernetics Core  
  21  1:45  Probe  
  22  1:50  Assimilator  
  22  1:56  Pylon  
  22  1:59  Probe  
  23  2:22  Nexus  
  23  2:25  Stalker  
  23  2:26  Warp Gate  
  23  2:28  Probe  
  25  2:40  Probe  
  25  2:42  Pylon  
  26  2:49  Pylon  
  26  2:55  Stalker, Probe  
  29  3:01  Robotics Facility  
  29  3:11  Gateway  
  29  3:13  Probe  
  30  3:25  Probe  
  31  3:27  Stalker  
  33  3:44  Probe  
  33  3:46  Immortal (Chrono Boost)  
  38  4:04  Probe  
  39  4:14  Stalker x2  
  43  4:23  Probe x2  
  45  4:25  Immortal  
  49  4:35  Probe  
  49  4:36  Probe  
  51  4:41  Pylon  
  51  4:48  Probe x2  
  51  4:51  Sentry  
  51  4:52  Stalker  
  57  5:00  Probe x2  
  59  5:12  Probe x2  
  61  5:19  Nexus  
  57  5:21  Pylon  
  57  5:24  Probe x2  
  57  5:28  Observer  
  60  5:36  Probe x2  
  62  5:45  Assimilator  
  62  5:46  Assimilator  
  62  5:48  Probe x2  
  64  5:51  Immortal  
  64  5:53  Stalker  
  64  5:57  Stalker  
  72  6:00  Probe x2  
  74  6:12  Probe x2  
  76  6:23  Pylon  
  76  6:24  Probe (Chrono Boost)  
  78  6:25  Probe (Chrono Boost)  
  78  6:26  Pylon  
  78  6:27  Pylon  
  78  6:31  Probe (Chrono Boost)  
  79  6:36  Probe (Chrono Boost)  
  79  6:38  Probe (Chrono Boost), Stalker x2  
  79  6:39  Immortal  
  89  6:42  Probe (Chrono Boost)  
  89  6:45  Probe x2 (Chrono Boost)  
  92  6:47  Probe (Chrono Boost)  
  93  6:55  Probe x2  
  93  6:57  Probe  
  96  7:07  Stalker  
  96  7:08  Stalker  
  100  7:11  Pylon  
  100  7:14  Pylon  
  100  7:18  Immortal  
  100  7:20  Assimilator  
  100  7:21  Assimilator  
  104  7:27  Twilight Council  
  104  7:28  Forge  
  104  7:30  Forge  
  104  7:33  Stalker, Pylon  
  104  7:34  Stalker  
  104  7:35  Probe x3  
  111  7:37  Pylon  
  111  7:47  Probe x2  
  111  7:48  Probe  
  114  7:57  Nexus  
  114  8:01  Immortal  
  114  8:02  Stalker  
  114  8:03  Stalker  
  114  8:05  Protoss Shields Level 1 (Chrono Boost), Protoss Ground Weapons Level 1 (Chrono Boost)  
  122  8:13  Templar Archives  
  122  8:19  Pylon  
  122  8:20  Probe  
  122  8:21  Probe x2  
  125  8:28  Stalker  
  125  8:29  Stalker  
  125  8:32  Probe  
  125  8:33  Probe x2  
  132  8:40  Immortal  
  136  8:49  Gateway  
  136  8:53  Gateway  
  136  8:54  Stalker x2  
  136  8:55  Probe, Gateway  
  141  8:56  Probe x2  
  141  8:57  Gateway  
  143  9:07  Probe  
  143  9:08  Probe x2  
  146  9:10  Probe  
  147  9:22  Probe  
  147  9:23  Probe x2  
  150  9:26  Assimilator  
  150  9:28  Assimilator  
  150  9:31  Nexus  
  150  9:32  Probe  
  150  9:33  Immortal  
  150  9:34  Pylon  
  150  9:37  Pylon  
  155  9:42  Probe  
  156  9:46  High Templar  
  156  9:47  High Templar  
  156  9:48  Pylon, High Templar x2  
  164  10:01  Archon x2  
  164  10:02  High Templar x2  
  168  10:09  Gateway  
  168  10:10  Protoss Shields Level 2 (Chrono Boost), Gateway, Protoss Ground Weapons Level 2 (Chrono Boost)  
  168  10:13  Gateway  
  168  10:14  Gateway  
  168  10:17  Gateway x2  
  168  10:19  Gateway  
  168  10:20  Pylon  
  168  10:23  Gateway  
  168  10:25  High Templar x2  
  168  10:26  High Templar x2  
  168  10:27  Gateway  
  176  10:29  Archon x2  
  176  10:30  Gateway, Archon  
  176  10:35  Robotics Facility  
  176  10:48  Stalker x2  
  180  11:00  Stalker x2  
  180  11:01  Stalker x2  
  180  11:03  Stalker  
  190  11:05  Immortal  
  190  11:06  Stalker x2  
  190  11:08  Stalker  
  200  11:20  Gateway x2  
  200  11:23  Gateway  
  200  11:25  Gateway  
  200  11:26  Gateway  
  200  11:30  Assimilator x2  
  200  11:31  Pylon  
  200  11:40  Nexus  
  200  11:42  Pylon  
  200  11:44  Pylon  
  196  12:01  Stalker x2  
  190  12:02  Stalker x3  
  190  12:03  Stalker  
  198  12:09  Protoss Ground Weapons Level 3 (Chrono Boost)  
  198  12:10  Protoss Shields Level 3 (Chrono Boost)  
  186  12:21  Immortal x2  
  182  12:23  Stalker x2  
  182  12:24  Stalker x3  
  182  12:25  Stalker x3  
  182  12:26  Stalker x3  
  192  12:40  Stalker x3  
  192  12:41  Stalker x2  
  184  12:47  Stalker x3  
  184  12:48  Stalker x4  
  184  12:49  Stalker x3  
  184  12:51  Stalker  
  163  13:14  High Templar  
  163  13:15  High Templar x3  
  163  13:16  High Templar x2  
  163  13:17  High Templar x2  
  179  13:20  Archon x2  
  179  13:21  Archon  
  179  13:22  Archon  
  179  13:26  Stalker  
  179  13:27  Stalker x4  
  183  13:28  Stalker  
  183  13:30  Stalker  
  193  13:37  Stalker  
  191  13:49  Probe  
  191  13:50  Probe x4  
  188  14:02  Pylon  
  188  14:08  Stalker x3  
  188  14:09  Stalker x3  
  194  14:10  Stalker x3  
  194  14:14  Photon Cannon  
  194  14:17  Photon Cannon  
  200  14:18  Photon Cannon  
  200  14:19  Shield Battery  
  200  14:21  Shield Battery, Photon Cannon  
  200  14:22  Photon Cannon  
  200  14:25  Shield Battery, Photon Cannon  
  200  14:28  Photon Cannon  
  200  14:30  Photon Cannon  
  199  14:32  Shield Battery  
  199  14:34  Probe x6  
  200  14:40  Pylon  
  200  14:54  Photon Cannon  
  200  14:56  Photon Cannon  
  200  14:57  Shield Battery  
  200  15:01  Photon Cannon  
  200  15:03  Photon Cannon  
  200  15:04  Shield Battery  
  198  15:15  Probe  
  198  15:16  Assimilator  
  179  15:28  Assimilator  
  179  15:29  Assimilator  
  179  15:31  High Templar x3  
  179  15:32  High Templar x5  
  179  15:33  High Templar x2  
  179  15:37  Archon x2  
  179  15:38  Archon x2  
  179  15:39  Archon  
Show
View Real Time Build Order
Export as new Build Order

ReaperGRiM Protoss 

Build Orders: Cannon Rush 

Get SALT Encoding   

  12  0:03  Probe  
  13  0:15  Probe  
  14  0:27  Probe  
  15  0:32  Pylon  
  16  0:50  Probe  
  16  0:52  Forge  
  16  0:53  Gateway  
  16  1:06  Probe (Chrono Boost)  
  17  1:16  Assimilator  
  17  1:17  Probe (Chrono Boost)  
  18  1:21  Probe (Chrono Boost)  
  19  1:29  Pylon  
  19  1:33  Probe  
  20  1:42  Pylon  
  20  1:45  Probe  
  21  1:50  Photon Cannon  
  21  1:51  Photon Cannon  
  21  1:58  Photon Cannon  
  21  2:27  Cybernetics Core  
  21  2:44  Photon Cannon  
  21  2:45  Photon Cannon  
  21  2:47  Pylon, Photon Cannon  
  21  3:07  Photon Cannon  
  21  3:17  Stargate  
  21  3:24  Probe  
  21  3:25  Assimilator  
  22  3:36  Probe  
  23  3:42  Photon Cannon  
  23  3:48  Probe  
  24  3:55  Void Ray  
  24  3:59  Pylon  
  24  4:00  Probe  
  29  4:43  Photon Cannon  
  29  4:45  Photon Cannon  
  29  4:48  Photon Cannon  
  29  4:50  Photon Cannon  
  29  4:52  Photon Cannon  
  29  4:54  Pylon  
  29  4:56  Shield Battery  
  29  5:01  Shield Battery  
  29  5:08  Shield Battery  
  29  5:16  Pylon  
  29  5:37  Nexus  
  29  5:52  Probe (Chrono Boost)  
  30  6:01  Void Ray  
  30  6:02  Probe (Chrono Boost)  
  31  6:07  Probe (Chrono Boost)  
  36  6:18  Probe  
  37  6:30  Probe  
  37  6:31  Stargate  
  38  6:36  Protoss Shields Level 1  
  38  6:44  Probe (Chrono Boost)  
  39  6:50  Probe (Chrono Boost)  
  39  6:53  Protoss Air Weapons Level 1  
  40  7:00  Probe (Chrono Boost)  
  41  7:01  Void Ray  
  41  7:05  Probe (Chrono Boost)  
  46  7:15  Void Ray  
  46  7:16  Probe  
  51  7:28  Probe  
  51  7:29  Assimilator  
  52  7:32  Probe  
  52  7:33  Assimilator  
  53  7:40  Probe  
  54  7:44  Probe  
  54  7:53  Probe  
  54  7:54  Pylon  
  54  7:56  Probe  
  54  7:57  Nexus  
  56  7:59  Void Ray  
  56  8:05  Probe  
  61  8:08  Probe  
  62  8:17  Probe  
  63  8:33  Photon Cannon  
  63  8:35  Photon Cannon  
  63  8:36  Photon Cannon  
  63  8:38  Photon Cannon  
  63  8:40  Photon Cannon  
  63  8:41  Photon Cannon  
  63  8:52  Pylon  
  63  8:57  Photon Cannon  
  63  8:58  Photon Cannon  
  63  9:02  Shield Battery  
  63  9:03  Shield Battery  
  63  9:12  Probe  
  64  9:20  Probe  
  65  9:24  Probe  
  65  9:28  Void Ray  
  66  9:32  Probe  
  66  9:35  Void Ray  
  66  9:36  Probe  
  72  9:44  Probe  
  77  9:48  Probe  
  78  9:56  Probe  
  79  10:01  Probe  
  79  10:03  Stargate  
  79  10:05  Stargate, Void Ray  
  80  10:08  Probe, Pylon  
  80  10:10  Pylon  
  80  10:12  Void Ray  
  80  10:13  Probe  
  86  10:20  Twilight Council, Cybernetics Core  
  90  10:25  Probe  
  91  10:37  Probe  
  91  10:41  Shield Battery, Pylon  
  92  10:48  Void Ray x2  
  92  10:49  Probe, Void Ray x2  
  93  10:51  Pylon  
  109  11:01  Probe  
  110  11:09  Assimilator  
  110  11:13  Protoss Air Armor Level 1, Probe, Assimilator  
  111  11:25  Probe  
  112  11:49  Pylon  
  112  11:51  Pylon  
  104  12:24  Void Ray x2  
  104  12:25  Void Ray x2  
  94  13:01  Void Ray  
  94  13:02  Void Ray  
  102  13:14  Pylon  
  102  13:16  Nexus  
  102  13:26  Fleet Beacon, Void Ray x2  
  102  13:32  Pylon  
  110  13:34  Pylon x2  
  110  13:35  Pylon  
  110  13:40  Photon Cannon  
  110  13:42  Photon Cannon  
  110  13:46  Photon Cannon x2  
  110  13:48  Photon Cannon  
  110  13:50  Photon Cannon  
  110  13:51  Photon Cannon  
  110  13:53  Photon Cannon  
  90  14:41  Pylon  
  90  14:46  Shield Battery  
  90  14:47  Shield Battery  
  90  14:49  Shield Battery  
  90  14:54  Photon Cannon  
  90  14:55  Photon Cannon  
  90  14:59  Photon Cannon x2  
  90  15:00  Photon Cannon  
  90  15:03  Photon Cannon  
  90  15:04  Photon Cannon x2  
  90  15:06  Photon Cannon  
  90  15:08  Photon Cannon  
  90  15:09  Pylon  
  90  15:10  Shield Battery  
Tags
 
Add a new tag
Caveats
  • Supply blocks, unpowered buildings, or Contaminate may cause inaccurate times.
  • Supply counts are checked every 10 seconds.